 Dungeon Crawl Stone Soup version 0.23.0-3-gf3c87f2 (webtiles) character file.

Game seed: 9565285636257770717

138 Ward the Sneak (level 5, -2/34 HPs)
             Began as a Halfling Assassin on Feb 23, 2019.
             Slain by a goblin
             ... wielding a +0 club
             ... led by Robin
              (4 damage)
             ... on level 3 of the Dungeon.
             The game lasted 00:24:50 (2329 turns).

Ward the Sneak (Halfling Assassin)                  Turns: 2329, Time: 00:24:51

Health: -2/34      AC:  6    Str: 12    XL:     5   Next: 45%
Magic:  5/5        EV: 15    Int: 19    God:
Gold:   168        SH:  0    Dex: 17    Spells: 4/4 levels left

rFire    + + .     SeeInvis .   r - +1 whip (vamp)
rCold    x . .     Gourm    .   (shield restricted)
rNeg     . . .     Faith    .   l - +2 robe {rF+}
rPois    .         Spirit   .   (no helmet)
rElec    .         Reflect  .   d - +1 cloak
rCorr    .         Harm     .   (no gloves)
MR       .....                  (no boots)
Stlth    +++.......             (no amulet)
HPRegen  0.11/turn              j - ring of fire
MPRegen  0.09/turn              v - +5 ring of intelligence

@: brilliant, about to teleport, flying
A: small, mutation resistance 1
a: no special abilities


You were on level 3 of the Dungeon.
You were not hungry.

You visited 1 branch of the dungeon, and saw 3 of its levels.

You collected 168 gold pieces.

Inventory:

Hand Weapons
 a - a +2 dagger
 b - a +0 blowgun
 i - a +0 dagger
 r - a +1 vampiric whip (weapon)
Missiles
 e - 39 poisoned needles
 f - 2 curare-tipped needles
 k - 48 stones (quivered)
Armour
 c - a +0 robe
 d - a +1 cloak (worn)
 l - a +2 robe of fire resistance (worn)
 n - a +0 robe
 p - a +0 ring mail
 w - a +0 leather armour
Jewellery
 j - a ring of fire (left hand)
 v - a +5 ring of intelligence (right hand)
Scrolls
 q - a scroll of enchant armour
Comestibles
 g - 2 rations


   Skills:
 + Level 2.1 Fighting
 + Level 2.7 Short Blades
 + Level 2.0 Maces & Flails
 + Level 2.1 Throwing
 + Level 2.4 Dodging
 + Level 5.6 Stealth


You had 4 spell levels left.
You didn't know any spells.
Your spell library was empty.

Dungeon Overview and Level Annotations

Branches:
Dungeon (3/15)

Altars:

Annotations:
D:3 Robin


Innate Abilities, Weirdness & Mutations

You are small and have problems with some larger weapons.
You are somewhat resistant to further mutation.


Message History

Robin says, "Feeling lonely?"
It was a potion of brilliance.
You feel clever all of a sudden. The goblin misses you.
Robin roars a battlecry!
The goblins go into a battle-frenzy!
As you read the scroll labeled LOTAER DUIPOS, it crumbles to dust.
You feel strangely unstable.
It was a scroll of teleportation.
The goblin hits you but does no damage.
Robin hits you with a +1 falchion of flaming.
* * * LOW HITPOINT WARNING * * *
As you read the scroll labeled JUTIMI ERCHI, it crumbles to dust.
You feel blessed for a moment.
It was a scroll of remove curse.
The goblin hits you with a +0 club.
* * * LOW HITPOINT WARNING * * *
As you read the scroll labeled HUCIARCH DITILE, it crumbles to dust.
It is a scroll of identify.
w - a +0 leather armour The goblin hits you with a +0 club.
You die...

............)......#
..................)#
#######..##†###########
##.#............#
#.#............#
#.#............#
#.#......g.....#
#..#.##.#g######
##.#)##.#@# #.#.##.#g#
#...##.#.#
##..##.#.####
#..........#
#.>....)...#
#........[.#
#..........#
#..........#


You could see Robin and 2 goblins.

Vanquished Creatures
  A bullfrog zombie (D:3)
  2 gnolls (D:3)
  An adder (D:2)
  An adder zombie (D:2)
  4 adder skeletons (D:2)
  A worm (D:2)
  2 dart slugs
  3 leopard geckos (D:3)
  An orc (D:3)
  A giant cockroach (D:3)
  8 goblins
  4 hobgoblins
  2 jackals (D:2)
  A quokka (D:2)
  4 bats
  3 frilled lizards
  A giant cockroach zombie (D:2)
  2 jackal skeletons (D:2)
  6 kobolds
  10 rats
58 creatures vanquished.

Notes
Turn   | Place    | Note
-------+----------+-------------------------------------------
     0 | D:1      | Ward the Halfling Assassin began the quest for the Orb.
     0 | D:1      | Reached XP level 1. HP: 14/14 MP: 1/1
   250 | D:1      | Reached XP level 2. HP: 18/19 MP: 2/2
   864 | D:2      | You fall through a shaft!
   874 | D:3      | Reached skill level 5 in Stealth
   954 | D:3      | Reached XP level 3. HP: 19/24 MP: 3/3
  1169 | D:2      | Reached XP level 4. HP: 29/29 MP: 4/4
  1287 | D:2      | Reached skill level 1 in Maces & Flails
  1846 | D:3      | Reached XP level 5. HP: 26/34 MP: 5/5
  2135 | D:3      | Noticed Robin
  2320 | D:3      | HP: 1/34 [goblin/+0 club[Robin] (2)]
  2329 | D:3      | Slain by a goblin

Skill      XL: |  1  2  3  4  5 |
---------------+----------------+-----
Stealth        | 5 |  5.6
Fighting       | 2 |  2.1
Maces & Flails | 1 2 |  2.0
Dodging        | 2 |  2.4
Short Blades   | |  2.7
Throwing       | |  2.1

Action                   |  1- 3 |  4- 6 || total
-------------------------+-------+-------++-------
Melee: Dagger            |    34 |       ||    34
       Whip              |    59 |   138 ||   197
 Fire: Blowgun           |     4 |       ||     4
  Use: Scroll            |     4 |     3 ||     7
       Potion            |     3 |     3 ||     6
 Stab: Sleeping          |     3 |     5 ||     8
  Eat: Ration            |     1 |     1 ||     2
       Chunk             |     2 |       ||     2
Armor: Robe              |    41 |    50 ||    91
Dodge: Dodged            |   103 |   143 ||   246
